 Dungeon Crawl Stone Soup version 0.21.1-1-g345015fe64 (webtiles) character file.

10719 PikkenKukken the Spear-Bearer (level 11, -14/71 HPs)
             Began as a Tengu Fighter on June 25, 2018.
             Demolished by a brown ugly thing (15 damage)
             ... on level 11 of the Dungeon.
             The game lasted 00:36:13 (14926 turns).

PikkenKukken the Spear-Bearer (Tengu Fighter)      Turns: 14926, Time: 00:36:13

Health: -14/71     AC:  0    Str: 17    XL:     11   Next: 66%
Magic:  12/12      EV: 19    Int:  9    God:
Gold:   658        SH: 12    Dex: 23    Spells: 10/10 levels left

rFire    . . .     SeeInvis .   a - +1 trident
rCold    . . .     Gourm    .   c - +0 shield
rNeg     . . .     Faith    .   e - +0 ring mail
rPois    .         Spirit   .   (helmet restricted)
rElec    .         Reflect  .   g - +0 cloak
rCorr    .         Harm     .   s - +0 pair of gloves
MR       .....     Rnd*Rage +   (boots unavailable)
Stlth    +.........             (no amulet)
HPRegen  0.21/turn              y - +2 ring of evasion
MPRegen  0.13/turn              u - +5 ring of dexterity

@: corroded
A: beak, talons 3, agile 1, berserk 1, able to fly 1
a: Fly


You were on level 11 of the Dungeon.
You were not hungry.

You visited 2 branches of the dungeon, and saw 13 of its levels.

You collected 658 gold pieces.

Inventory:

Hand Weapons
 a - a +1 trident (weapon)
 b - a +0 hand crossbow
 l - a +1 spear of pain
 I - a cursed +0 arbalest
Missiles
 h - 42 bolts
 w - 2 tomahawks of dispersal (quivered)
Armour
 c - a +0 shield (worn)
 e - a +0 ring mail (worn)
 g - a +0 cloak (worn)
 s - a +0 pair of gloves (worn)
 E - a +0 scale mail
 H - a +1 robe of cold resistance
Jewellery
 j - an uncursed ring of fire
 o - an uncursed ring of see invisible
 u - a +5 ring of dexterity (right hand)
 y - a +2 ring of evasion (left hand)
 R - an uncursed ring of protection from cold {unknown}
Wands
 d - a wand of paralysis (11)
 k - a wand of iceblast (10)
 m - a wand of digging (22)
 v - a wand of polymorph (24)
 J - a wand of scattershot (3)
 O - a wand of random effects (16)
 P - a wand of disintegration (15)
Scrolls
 i - 5 scrolls of identify
 p - a scroll of magic mapping
 q - 4 scrolls of teleportation
 r - 3 scrolls of remove curse
 C - 4 scrolls of fear
 G - a scroll of immolation
 K - a scroll of enchant weapon
 L - a scroll of blinking
 M - a scroll of fog {unknown}
Potions
 n - 7 potions of curing
 t - a potion of flight
 z - a potion of haste
 A - 2 potions of magic
 B - a potion of heal wounds
 D - a potion of brilliance
 F - a potion of agility
Books
 x - a book of Frost

   Spells                             Type                      Level
   a - Freeze                         Ice                          1
   b - Throw Frost                    Conjuration/Ice              2
   c - Ozocubu's Armour               Charms/Ice                   3
   d - Throw Icicle                   Conjuration/Ice              4
   e - Summon Ice Beast               Ice/Summoning                4
 N - a book of Necromancy

   Spells                             Type                      Level
   a - Pain                           Necromancy                   1
   b - Animate Skeleton               Necromancy                   1
   c - Vampiric Draining              Necromancy                   3
   d - Regeneration                   Charms/Necromancy            3
   e - Animate Dead                   Necromancy                   4
   f - Borgnjor's Vile Clutch         Necromancy/Earth             5
Comestibles
 f - 15 rations
 Q - 4 chunks of flesh


   Skills:
 + Level 9.4 Fighting
 + Level 9.9 Polearms
 - Level 5.0 Crossbows
 - Level 5.0 Armour
 - Level 9.0 Dodging
 - Level 9.0 Shields


You had 10 spell levels left.
You didn't know any spells.

Dungeon Overview and Level Annotations

Branches:
Dungeon (11/15)              Lair (2/6) D:8             Orc (0/2) D:10
 Temple: D:4-7        Swamp: Lair:2-4    Shoals: Lair:2-4     Snake: Lair:2-4
 Spider: Lair:2-4

Altars:
Cheibriados
Dithmenos
Elyvilon
Kikubaaqudgha
Qazlal
Xom

Shops:
D:9 [

Annotations:
D:4 Kohma's ghost, amateur SpVM
D:9 4 runed doors
D:11 Maurice
Lair:1 exclusion: oklob plant


Innate Abilities, Weirdness & Mutations

You have a beak for a mouth.
You have claws for feet.
You can fly.
You are agile. (Dex +2)
You tend to lose your temper in combat.


Message History

You hit the brown ugly thing but do no damage.
Your kick misses the brown ugly thing.
You peck the brown ugly thing, but do no damage.
The brown ugly thing is moderately wounded.
You block the brown ugly thing's attack.
You barely miss the brown ugly thing. Your kick misses the brown ugly thing.
You peck the brown ugly thing, but do no damage.
The brown ugly thing is lightly wounded.
You hit the brown ugly thing.
You claw the brown ugly thing, but do no damage.
You peck the brown ugly thing, but do no damage.
The brown ugly thing is moderately wounded.
The brown ugly thing gores you!
* * * LOW HITPOINT WARNING * * *
You are splashed with acid!
The acid burns!
* * * LOW HITPOINT WARNING * * *
You hit the brown ugly thing.
The brown ugly thing is moderately wounded.
The brown ugly thing gores you!
You die...

#....####.#..###.......
######....#
#..............
........(.#
#.##.##.#######
.......)..# #.##....#
......)##.## #.##..###
....... #..###.##..#
....... ##.#.#.##..#
.(..... #u#.#.##..#
....... #.@.......#
....... ##..#.#......
####### #..#.#..###.
##.... .# #...#.##
......# ##..#.. ..#.##


You could see a brown ugly thing.

Vanquished Creatures
  A hydra (D:8)
  Erica (Lair:1)
  A two-headed ogre (D:11)
  Joseph (Lair:1)
  A centaur zombie (D:10)
  A spiny frog (Lair:1)
  The ghost of LilDood the Covert, a novice SpEn (D:7)
  A centaur skeleton (D:10)
  A troll (D:10)
  2 hippogriffs
  8 yaks
  A basilisk (Lair:1)
  3 hungry ghosts
  3 wargs (D:8)
  A water moccasin (Lair:1)
  3 orc warriors
  2 ice beasts
  A sky beast (D:8)
  5 phantoms
  3 black bears
  3 ogres
  A necrophage (D:9)
  5 centaurs
  A crocodile (Lair:1)
  5 big kobolds
  6 bullfrogs
  A gnoll sergeant (D:11)
  5 scorpions
  2 electric eels (Lair:1)
  A howler monkey (D:6)
  3 crimson imps
  5 jellies
  3 hounds
  7 orc wizards
  11 orc priests
  3 iguanas
  3 worker ants
  Robin (D:3)
  A howler monkey skeleton (D:5)
  10 adders
  6 gnolls
  A shadow imp (D:9)
  6 oozes
  3 adder skeletons
  3 worms
  A dart slug (D:1)
  6 leopard geckos
  26 orcs
  4 giant cockroaches
  11 hobgoblins
  17 jackals
  3 quokkas
  3 ball pythons
  8 bats
  5 frilled lizards
  13 goblins
  A jackal skeleton (D:4)
  16 kobolds
  A leopard gecko skeleton (D:5)
  A quokka zombie (D:8)
  2 rats
255 creatures vanquished.

Notes
Turn   | Place    | Note
-------+----------+-------------------------------------------
     0 | D:1      | PikkenKukken the Tengu Fighter began the quest for the Orb.
     0 | D:1      | Reached XP level 1. HP: 14/14 MP: 2/2
   262 | D:1      | Reached XP level 2. HP: 19/19 MP: 3/3
   544 | D:1      | Reached skill level 1 in Dodging
   828 | D:2      | Reached XP level 3. HP: 23/23 MP: 4/4
  1504 | D:2      | Reached XP level 4. HP: 28/28 MP: 5/5
  1516 | D:2      | Found an ancient bone altar of Kikubaaqudgha.
  1937 | D:3      | Gained mutation: You can fly. [Tengu growth]
  1937 | D:3      | Reached XP level 5. HP: 29/33 MP: 6/6
  1965 | D:3      | Noticed Robin
  1973 | D:3      | Killed Robin
  2395 | D:3      | Noticed a big kobold
  2418 | D:3      | Killed a big kobold
  2418 | D:3      | Reached XP level 6. HP: 20/38 MP: 7/7
  3377 | D:4      | Found a stormy altar of Qazlal.
  3710 | D:4      | Reached XP level 7. HP: 44/44 MP: 8/8
  3713 | D:4      | Noticed Kohma's ghost (amateur SpVM)
  3733 | D:5      | Entered Level 5 of the Dungeon
  4007 | D:5      | Reached skill level 5 in Fighting
  4007 | D:5      | Reached skill level 5 in Shields
  4243 | D:5      | Reached skill level 5 in Polearms
  4248 | D:5      | Reached XP level 8. HP: 25/49 MP: 9/9
  5191 | D:6      | Reached skill level 5 in Dodging
  5759 | D:6      | Found a shimmering altar of Xom.
  5765 | D:6      | Found a snail-covered altar of Cheibriados.
  5765 | D:6      | Found a shadowy altar of Dithmenos.
  5766 | D:6      | Found a white marble altar of Elyvilon.
  5964 | D:7      | Reached XP level 9. HP: 41/55 MP: 10/10
  6193 | D:7      | Noticed LilDood's ghost (novice SpEn)
  6210 | D:7      | Killed LilDood's ghost
  7275 | D:8      | Found a staircase to the Lair.
  8312 | D:8      | Reached XP level 10. HP: 63/63 MP: 11/11
  8430 | Lair:1   | Entered Level 1 of the Lair of Beasts
  8450 | Lair:1   | Reached skill level 1 in Crossbows
  9119 | Lair:1   | Noticed a seven-headed hydra
  9429 | D:8      | Killed a seven-headed hydra
  9764 | Lair:1   | Noticed an oklob plant
  9884 | Lair:1   | Noticed Joseph
  9918 | Lair:1   | Killed Joseph
 10142 | Lair:1   | Noticed Erica
 10156 | Lair:1   | Killed Erica
 10572 | Lair:2   | Noticed a spiny frog
 10590 | Lair:1   | Killed a spiny frog
 11021 | D:9      | Reached skill level 5 in Crossbows
 11208 | D:8      | Reached XP level 11. HP: 25/68 MP: 12/12
 11504 | D:9      | Found a runed door.
 11543 | D:9      | Found a runed door.
 11666 | D:9      | Found a runed door.
 11734 | D:9      | Found Diyraisk's Armour Emporium.
 11964 | D:9      | Found a runed door.
 12789 | D:10     | Entered Level 10 of the Dungeon
 12824 | D:10     | Reached skill level 5 in Armour
 13950 | D:10     | Found a staircase to the Orcish Mines.
 13983 | D:10     | Found a snail-covered altar of Cheibriados.
 14136 | D:10     | Gained mutation: You tend to lose your temper in combat. [potion of mutation]
 14136 | D:10     | Gained mutation: You are agile. (Dex +2) [potion of mutation]
 14415 | D:11     | Noticed a two-headed ogre
 14519 | D:11     | Killed a two-headed ogre
 14858 | D:11     | Noticed Maurice
 14909 | D:11     | Noticed a brown ugly thing
 14925 | D:11     | HP: 1/71 [acid (8)]
 14926 | D:11     | Demolished by a brown ugly thing

Skill      XL: |  1  2  3  4  5  6  7  8  9 10 11 |
---------------+----------------------------------+-----
Dodging        | 1 2 3 4 5 7 9 |  9.0
Polearms       | 3 4 5 6 7 8 9 |  9.9
Shields        | 4 5 6 7 9 |  9.0
Fighting       | 4 5 6 7 9 |  9.4
Crossbows      | 5 |  5.0
Armour         | 4 5 |  5.0

Action                   |  1- 3 |  4- 6 |  7- 9 | 10-12 || total
-------------------------+-------+-------+-------+-------++-------
Melee: Trident           |    96 |   153 |   353 |   443 ||  1045
       Kick              |    14 |    35 |   108 |   199 ||   356
       Peck              |     4 |    22 |    74 |   107 ||   207
 Fire: Hand crossbow     |       |       |       |    31 ||    31
 Abil: Fly               |       |       |       |     1 ||     1
  Use: Potion            |     4 |     5 |     5 |     1 ||    15
       Scroll            |     4 |     4 |     7 |     4 ||    19
 Stab: Distracted        |       |     1 |       |     1 ||     2
       Sleeping          |       |       |       |     1 ||     1
  Eat: Chunk             |     2 |     7 |     5 |     5 ||    19
       Ration            |       |       |     4 |     5 ||     9
Armor: Scale mail        |     1 |       |       |       ||     1
       Ring mail         |    27 |    32 |    46 |    50 ||   155
Dodge: Dodged            |    23 |    58 |   114 |   196 ||   391
Block: Shield            |    31 |    45 |   124 |   199 ||   399
